 Dungeon Crawl Stone Soup version 0.17.0-23-g0de4337 (webtiles) character file.

180 JudasIscariot the Skirmisher (level 5, -3/42 HPs)
             Began as a Demonspawn Berserker on Nov 14, 2015.
             Was a Priest of Trog.
             Slain by an orc
             ... wielding a +3 hand axe of electrocution
              (19 damage)
             ... on level 3 of the Dungeon.
             The game lasted 00:07:20 (2902 turns).

JudasIscariot the Skirmisher (Demonspawn Berserker) Turns: 2902, Time: 00:07:20

Health: -3/42      AC: 14    Str: 18    XL:     5   Next: 33%
Magic:  5/5        EV:  6    Int:  9    God:    Trog [***...]
Gold:   111        SH:  0    Dex: 12    Spells: 0 memorised, 4 levels left

rFire  . . .     SeeInvis .     r - +0 flail
rCold  + . .     Clarity  .     o - +0 plate armour
rNeg   . . .     SustAt   .     (no shield)
rPois  .         Gourm    .     (no helmet)
rElec  .         Spirit   .     (no cloak)
rCorr  .         Warding  .     (no gloves)
rMut   .         Stasis   .     s - +2 pair of boots
MR     .....                    (no amulet)
Stlth  ..........               (no ring)
                                p - ring of ice

@: not resistant to hostile enchantments, extremely unstealthy
A: claws 1, demonic guardian 1, fire resistance 1
a: Berserk, Trog's Hand, Burn Spellbooks, Renounce Religion


You were on level 3 of the Dungeon.
You worshipped Trog.
Trog was most pleased with you.
You were not hungry.

You visited 1 branch of the dungeon, and saw 3 of its levels.

You collected 111 gold pieces.

Inventory:

Hand Weapons
 a - a +0 mace
 r - a +0 flail (weapon)
Armour
 b - a +0 animal skin
 i - a +0 ring mail
 o - a +0 plate armour (worn)
 s - a +2 pair of boots (worn)
Jewellery
 p - a ring of ice (left claw)
Wands
 v - a wand of confusion (29)
Scrolls
 d - 2 scrolls of identify {unknown}
 e - a scroll of random uselessness {unknown}
 h - a scroll of fear {unknown}
 l - a scroll of immolation {unknown}
 q - 2 scrolls of remove curse {unknown}
 u - a scroll of fog {unknown}
Potions
 f - a potion of agility {unknown}
 j - a potion of brilliance {unknown}
 k - 3 potions of heal wounds {unknown}
 m - a potion of resistance {unknown}
 t - a potion of magic {unknown}
Comestibles
 c - 6 bread rations
 g - a royal jelly


   Skills:
 * Level 4.2 Fighting
 * Level 3.9 Maces & Flails
 * Level 3.1 Armour
 - Level 1.7 Dodging


You had 4 spell levels left.
You didn't know any spells.

Dungeon Overview and Level Annotations

Branches:
Dungeon (3/15)

Altars:
Ashenzari
Dithmenos
Gozag
Okawaru
Qazlal
Ru
Xom
Yredelemnul
Zin
The Shining One


Innate Abilities, Weirdness & Mutations

You have sharp fingernails.
A weak demonic guardian rushes to your aid.
Your flesh is heat resistant.


Message History

Your quasit closely misses the orc.
Your quasit claws the orc but does no damage. x2
The orc barely misses your quasit.
Your quasit bites the orc.
Your quasit misses the orc.
Your quasit claws the orc.
The orc closely misses your quasit.
All of the chunks of flesh in your inventory have rotted away.
Your quasit bites the orc but does no damage.
Your quasit barely misses the orc.
Your quasit claws the orc but does no damage.
Your quasit barely misses the orc.
Your quasit claws the orc but does no damage.
Your quasit closely misses the orc.
Your quasit closely misses the orc.
Your quasit claws the orc but does no damage. x2
Your quasit disappears in a puff of smoke!
The orc hits your quasit with a hand axe of electrocution.
There is a sudden explosion of sparks!
Your quasit dies!
The orc hits you but does no damage.
You are electrocuted!
You die...

#....................##
#.##########.#######..# #.#
#### ### ##.## #.#####..#
#######...# #........#
#§.§.§.#...# #######.##
#._....'...' #.oK.#
#§.§.§.#...# #.#o##
#######...#
#.#@.############.## #
#K#.#..#..........(.
#...#####o#.#..#.#...#...(..
.....o)..........'^.<'.....)
#.##.b###......#.#..)#.#####
#. ##.###........#.##### #
.....................
##.#.........##.#####
......#.#..<##......


You could see an orc priest, an orc and a kobold.

Vanquished Creatures
  5 adders
  6 gnolls (D:3)
  5 worms
  An orc (D:3)
  2 giant cockroaches (D:2)
  4 hobgoblins
  6 jackals
  8 kobolds
  7 bats
  4 giant newts
  11 goblins
  A quokka (D:3)
  8 rats
68 creatures vanquished.

Vanquished Creatures (collateral kills)
  2 orcs (D:3)
  2 bats (D:3)
4 creatures vanquished.

Grand Total: 72 creatures vanquished

Notes
Turn   | Place    | Note
--------------------------------------------------------------
     0 | D:1      | JudasIscariot the Demonspawn Berserker began the quest for the Orb.
     0 | D:1      | Reached XP level 1. HP: 18/18 MP: 1/1
   238 | D:1      | Gained mutation: A weak demonic guardian rushes to your aid. [demonic ancestry]
   238 | D:1      | Reached XP level 2. HP: 18/24 MP: 2/2
   671 | D:2      | Found a glowing golden altar of the Shining One.
   945 | D:2      | Gained mutation: Your flesh is heat resistant. [demonic ancestry]
   945 | D:2      | Reached XP level 3. HP: 16/29 MP: 3/3
  1334 | D:2      | Reached ** piety under Trog
  1829 | D:2      | Reached XP level 4. HP: 37/37 MP: 4/4
  2017 | D:3      | Reached skill level 4 in Fighting
  2214 | D:3      | Found a glowing silver altar of Zin.
  2216 | D:3      | Noticed an angel
  2222 | D:3      | Found a shimmering altar of Xom.
  2263 | D:3      | Found a basalt altar of Yredelemnul.
  2266 | D:3      | Noticed a profane servitor
  2277 | D:3      | Found a glowing golden altar of the Shining One.
  2317 | D:3      | Gained mutation: You have sharp fingernails. [demonic ancestry]
  2317 | D:3      | Reached XP level 5. HP: 42/42 MP: 5/5
  2409 | D:3      | Found a shadowy altar of Dithmenos.
  2409 | D:3      | Found a stormy altar of Qazlal.
  2409 | D:3      | Found a sacrificial altar of Ru.
  2409 | D:3      | Found a shattered altar of Ashenzari.
  2431 | D:3      | Found an iron altar of Okawaru.
  2439 | D:3      | Found an opulent altar of Gozag.
  2590 | D:3      | Reached *** piety under Trog
  2902 | D:3      | Slain by an orc

Action                   |  1- 3 |  4- 6 || total
-------------------------+-------+-------++-------
Melee: Mace              |   136 |    29 ||   165
       Flail             |       |    95 ||    95
  Eat: Chunk             |     3 |     4 ||     7
